Wizz, chaotic female elven Wizard --------- -------------- |.......| --+---- |............| |........ |.....+ |..<.........| |.......| |.....| #.............| |........#####|.....|################# ###|............| |.......| #|.....|## --|-- # |............| ---.----- ##......|#### `####....| ### -|-.---------- ### ##--.----# # # |...| # # ##### ###################`#####r@f###-..>-#### # ### # # ---.- ### # ### # #####################`##### -----|-# ### ### ------# |.....|# # # |....|######## |.....|# ## ######## |....| ---|-- |.....|# ----|--- ---------------- #-.....####|....| |.....-# |......-###########|...............####------ #.....| ------- |......| #...............| |....| -------- ---------------- ------ Wizz the Evoker Experience level: 1 Strength: 10 Dexterity: 13 Constitution: 13 Intelligence: 20 Wisdom: 10 Charisma: 9 Health: 0(10) Energy: 8(8) Def: 1 Gold: 208 Moves: 1210 Dungeon seed: 7CYvUWqPKM9GPBfw Game ID: Wizz_1676351471 Your Inventory: Amulets l - an uncursed amulet of life saving s - a cursed amulet of strangulation Weapons d - a blessed +1 quarterstaff (weapon in hands) m - 9 uncursed +0 elven arrows u - an uncursed +0 sling Armor e - a blessed +0 cloak of magic resistance (being worn) q - an uncursed +1 orcish helm Scrolls o - a cursed scroll of enchant armor p - an uncursed scroll of teleportation t - an uncursed scroll of blank paper Spellbooks n - an uncursed spellbook of levitation Potions j - an uncursed potion of sleeping r - an uncursed potion of fruit juice Wands b - an uncursed wand of striking (0:8) Tools i - an uncursed bell T - an uncursed blindfold Coins $ - 208 gold pieces Spells and supernatural/magical abilities: Name Level Category Cost Memory a - force bolt 1 attack 8pw 98% d - dig 2 matter 25pw 98% l - light 1 divination 12pw 98% m - magic missile 2 attack 16pw 98% W - pray for help -- divine ? -- Your skills at the end: Fighting Skills wands [Basic] Weapon Skills quarterstaff [Basic] Spellcasting Skills attack spells [Basic] enchantment spells [Basic] Final Attributes: You were piously aligned. You were immune to sleep. You were magic resistant. You saw invisible. You had infravision. You last prayed 396 turns ago. Anhur was noncommittal. You are dead. Vanquished creatures: a hobbit a giant rat 2 geckos 2 jackals a goblin 3 grid bugs a kobold zombie 4 newts 15 creatures vanquished. Voluntary challenges: You used a wielded weapon 12 times, starting on turn 175. You were illiterate. You never genocided any monsters. You never polymorphed an object. You never changed form. You used no wishes. You never split a pudding. You never wrote Elbereth's name. You never violated your personal moral code. Dungeon overview: The Dungeons of Doom: levels 1 to 3 Level 1 some fountains a long staircase Level 2 an altar to Thoth Level 3 <- You were here a vault History has recorded: On T:1 you entered the Dungeons of Doom to retrieve the Amulet of Yendor! On T:112 you reached level 2 of The Dungeons of Doom. On T:404 you reached level 3 of The Dungeons of Doom. Score breakdown: Gold: 208 ( 7892 points) Experience: 1 level ( 0 points) Exploration: 3 levels ( 6.25%) ( 6188 points) Discoveries: 0 items ( 0.00%) ( 0 points) Valuables value: (no points given unless you survive) Artifact value: 0 ( 0 points) Variety of kills: 8 monsters ( 2.11%) ( 4352 points) Turncount: 1210 turns ( 0 points) Survival: died (score multiplied by 80%) Total score: 14745 Latest messages: You displace your kitten. You stop exploring. (2x) You miss the grid bug. The grid bug bites! You are zapped! The kitten misses the grid bug. (2x) You kill the grid bug! You displace your kitten. The door opens. You stop exploring. The giant rat bites! You miss the giant rat. You hit the giant rat. The giant rat bites! You kill the giant rat! You see here a giant rat corpse. The giant rat bites! You miss the giant rat. The giant rat bites! You miss the giant rat. The giant rat bites! You miss the giant rat. (2x) The giant rat bites! You stop. Your kitten is in the way! The giant rat bites! You die... Final status: Goodbye Wizz the Wizard, killed by a giant rat... You died in The Dungeons of Doom on dungeon level 3 with 14745 points, and 208 pieces of gold, after 1210 moves. You were level 1 with a maximum of 10 hit points when you died.